 Dungeon Crawl Stone Soup version 0.26-a0-846-gcc8f1ee719 (webtiles) character file.

Game seed: 7301120857094281494

1108 mhtbhm the Cudgeller (level 8, -4/78 HPs)
             Began as a Troll Berserker on Nov 19, 2020.
             Was a Priest of Trog.
             Slain by a gnoll
             ... wielding a +3 halberd
              (9 damage)
             ... on level 4 of the Dungeon.
             The game lasted 00:06:18 (3859 turns).

mhtbhm the Cudgeller (Troll Berserker)              Turns: 3859, Time: 00:06:18

Health: -4/78      AC:  6    Str: 28    XL:     8   Next: 11%
Magic:  7/7        EV: 11    Int:  3    God:    Trog [***...]
Gold:   175        SH:  0    Dex:  9    Spells: 7/7 levels left

rFire    . . .     SeeInvis +   a - +0 giant spiked club
rCold    . . .     Faith    .   (shield currently unavailable)
rNeg     + . .     Spirit   .   b - +0 animal skin
rPois    .         Reflect  .   (helmet restricted)
rElec    .         Harm     .   (no cloak)
rCorr    .         Rampage  .   (gloves unavailable)
MR       .....                  (boots unavailable)
Stlth    +.........             (no amulet)
HPRegen  0.63/turn              f - ring of see invisible
MPRegen  0.10/turn              t - ring of positive energy

@: no status effects
A: large, unfitting armour, claws 3, regeneration 1, shaggy fur 1, tough skin 3
a: Berserk, Trog's Hand, Renounce Religion


You were on level 4 of the Dungeon.
You worshipped Trog.
Trog was most pleased with you.
You visited 1 branch of the dungeon, and saw 4 of its levels.

You collected 175 gold pieces.

Inventory:

Hand Weapons
 a - a +0 giant spiked club (weapon)
Armour
 b - a +0 animal skin (worn)
Jewellery
 f - a ring of see invisible (left claw)
 t - a ring of positive energy (right claw)
Wands
 c - a wand of enslavement (10)
 s - a wand of paralysis (9)
Scrolls
 d - a scroll of magic mapping {unknown}
 e - 4 scrolls of teleportation
 h - a scroll of random uselessness {unknown}
 i - a scroll of blinking {unknown}
 j - 3 scrolls of fog
 n - 3 scrolls of fear {unknown}
 o - 5 scrolls of identify
 p - a scroll of enchant weapon {unknown}
 r - a scroll of noise {unknown}
Potions
 k - a potion of berserk rage {unknown}
 l - a potion of mutation {unknown}
 m - a potion of curing {unknown}


   Skills:
 * Level 4.2 Fighting
 * Level 6.8 Maces & Flails
 * Level 1.5 Armour
 - Level 4.5 Dodging
 - Level 0.2 Stealth


You had 7 spell levels left.
You didn't know any spells.
Your spell library was empty.

Dungeon Overview and Level Annotations

Branches:
Dungeon (4/15)
 Temple: D:4-7

Altars:
Dithmenos
Gozag
Kikubaaqudgha
Okawaru
Wu Jian


Innate Abilities, Weirdness & Mutations

You are too large for most types of armour.
You have claws for hands.
Your natural rate of healing is unusually fast.
You are covered in fur. (AC +1)
You have extremely tough skin. (AC +3)


Message History

The adder is moderately wounded.
The adder misses you. The gnoll misses you.
The gnoll hits you from afar with a +3 halberd!
* * * LOW HITPOINT WARNING * * *
The adder misses you.
You completely miss the adder.
The adder is moderately wounded.
The adder bites you.
* * * LOW HITPOINT WARNING * * *
The gnoll closely misses you.
The gnoll hits you from afar with a +3 halberd!
* * * LOW HITPOINT WARNING * * *
The adder misses you.
The gnoll hits you from afar with a +0 halberd.
* * * LOW HITPOINT WARNING * * *
You hit the adder.
The adder is heavily wounded.
The adder closely misses you.
The gnoll hits you from afar with a +3 halberd!
You die...

######.#.# '...' #.# .....#.#.#
#...# #.# ####.#.#.# #...# #.#
####.#.#.# #...# #.# ....<..#.#
##### #...# ##### #.#
##...###.###...###.))###...###.#
#.......##.....##...##.....##.#
#...###.#.......#g..#.......#.#
#...# #.#....(.@Sg..'.(.....#.#
#...# #.#.....).#g..#.......#.#
#...# #.##.....##...##.....##.#
#...# #..##...##.....##...##..#
#...# ##..#####..###..#####..###
.... ##.......## ##..)).......
#.#.#.### ######...... #...#.#
#...... ###...# #......


You could see 3 gnolls and an adder.

Vanquished Creatures
  Pikel (D:4)
  The ghost of robertstho the Chopper, an amateur PaFi (D:3)
  An ogre (D:4)
  2 lemures (D:4)
  Blork the orc (D:4)
  A howler monkey (D:4)
  An iguana (D:4)
  Natasha (thrice) (D:2)
  A worker ant (D:3)
  9 adders
  3 gnolls
  An ooze (D:3)
  2 worms
  2 dart slugs
  4 leopard geckos
  3 orcs (D:3)
  3 ball pythons
  2 giant cockroaches
  7 goblins
  13 hobgoblins
  6 jackals
  A quokka (D:4)
  6 bats
  A frilled lizard (D:2)
  A jackal skeleton (D:4)
  10 kobolds
  8 rats
94 creatures vanquished.

Notes
Turn   | Place    | Note
-------+----------+-------------------------------------------
     0 | D:1      | mhtbhm the Troll Berserker began the quest for the Orb.
     0 | D:1      | Reached XP level 1. HP: 22/22 MP: 0/0
   213 | D:1      | Reached XP level 2. HP: 29/29 MP: 1/1
   542 | D:1      | Reached skill level 3 in Maces & Flails
   827 | D:2      | Found an iron altar of Okawaru.
   830 | D:2      | Reached XP level 3. HP: 34/36 MP: 2/2
   895 | D:2      | Found an ornate altar of the Wu Jian Council.
   942 | D:2      | Noticed Natasha
   953 | D:2      | Killed Natasha
   954 | D:2      | Reached XP level 4. HP: 16/45 MP: 3/3
   999 | D:2      | Noticed Natasha
  1012 | D:2      | Killed Natasha
  1465 | D:2      | Reached ** piety under Trog
  1471 | D:2      | Noticed Natasha
  1475 | D:2      | Killed Natasha
  1476 | D:2      | Reached XP level 5. HP: 53/53 MP: 4/4
  1994 | D:3      | Found a transporter.
  1994 | D:3      | Noticed robertstho's ghost (amateur PaFi)
  1998 | D:3      | Found a transporter.
  2022 | D:3      | Killed robertstho's ghost
  2023 | D:3      | Reached skill level 4 in Maces & Flails
  2023 | D:3      | Reached XP level 6. HP: 45/61 MP: 5/5
  2207 | D:3      | Found a faded altar of an unknown god.
  3022 | D:4      | Found an ancient bone altar of Kikubaaqudgha.
  3053 | D:4      | Found an opulent altar of Gozag.
  3090 | D:4      | Reached *** piety under Trog
  3091 | D:4      | Reached skill level 5 in Maces & Flails
  3239 | D:4      | Noticed Blork the orc
  3240 | D:4      | Noticed Pikel
  3643 | D:4      | Paralysed by a gnoll for 5 turns
  3658 | D:4      | Killed Blork the orc
  3659 | D:4      | Reached XP level 7. HP: 44/67 MP: 6/6
  3725 | D:4      | Found a shadowy altar of Dithmenos.
  3828 | D:4      | Killed Pikel
  3829 | D:4      | Reached skill level 6 in Maces & Flails
  3829 | D:4      | Reached skill level 1 in Armour
  3829 | D:4      | Reached XP level 8. HP: 72/78 MP: 7/7
  3859 | D:4      | Slain by a gnoll

Illustrated notes

Levels and vault maps discovered:
D:1:      lightli_arrival_statuegarden, layout_basic
D:2:      layout_loops_corners, old_standard_altar, okawaru_altar_gauntlet_db,
          uniq_natasha
D:3:      layout_loops_corners, gammafunk_ghost_arena,
          chequers_ecumenical_altar_grove
D:4:      kennysheep_six_static_rooms, layout_basic, kennysheep_little_box,
          lemuel_crystal_altar, grunt_temple_overflow_open, uniq_blork_the_orc,
          uniq_pikel

Skill      XL: |  1  2  3  4  5  6  7 |
---------------+----------------------+-----
Maces & Flails | 3 4 5 6 |  6.8
Fighting       | 3 4 |  4.2
Dodging        | 3 4 |  4.5
Armour         | 1 |  1.5
Stealth        | |  0.2

Action                   |  1- 3 |  4- 6 |  7- 9 || total
-------------------------+-------+-------+-------++-------
Melee: Mace              |    87 |   233 |     5 ||   325
       Giant spiked club |       |       |    41 ||    41
Invok: Berserk           |     1 |     6 |     2 ||     9
       Trog's Hand       |       |     1 |       ||     1
Evoke: Wand              |       |     1 |       ||     1
  Use: Scroll            |     2 |     5 |     1 ||     8
       Potion            |       |     2 |       ||     2
Armor: Animal skin       |    50 |    72 |    19 ||   141
Dodge: Dodged            |    63 |   143 |    70 ||   276

Table legend: (Time is in decaauts)
 A = Elapsed time spent in this place.
 B = Non-inter-level travel time spent in this place.
 C = Inter-level travel time spent in this place.
 D = Time resting spent in this place.
 E = Time spent auto-exploring this place.
 F = Levels seen in this place.
 G = Mean time per level.
                   A        B        C        D        E       F      G
               +--------+--------+--------+--------+--------+-----+--------+
         Total |   4011 |   3997 |     14 |    649 |   2397 |   4 | 1002.8 |
       Dungeon |   4011 |   3997 |     14 |    649 |   2397 |   4 | 1002.8 |
               +--------+--------+--------+--------+--------+-----+--------+

Top non-repeatable levels by time:
     D:2: 1164 daAuts
     D:3: 1103 daAuts
     D:4: 995 daAuts
     D:1: 747 daAuts
